 Dungeon Crawl Stone Soup version 0.25-a0-576-g50b708a4c4 (webtiles) character file.

Game seed: 7883717739281772852, levelgen mode: deterministic

48276 Flugslaktarn the Severer (level 14, -6/132 HPs)
             Began as a Deep Dwarf Fighter on Mar 1, 2020.
             Was the Champion of Makhleb.
             Killed from afar by Jorgrun (60 damage)
             ... with an iron shot
             ... on level 3 of the Spider Nest.
             The game lasted 00:08:37 (9911 turns).

Flugslaktarn the Severer (Deep Dwarf Fighter)       Turns: 9911, Time: 00:08:37

Health: -6/132     AC: 20    Str: 27    XL:     14   Next: 11%
Magic:  16/16      EV: 23    Int: 16    God:    Makhleb [******]
Gold:   822        SH: 14    Dex: 12    Spells: 13/13 levels left

rFire    . . .     SeeInvis .   C - +9 war axe "Pikaoth" {flame, rN+}
rCold    + + .     Gourm    .   F - +1 kite shield
rNeg     + + .     Faith    .   A - +2 chain mail {rC+}
rPois    .         Spirit   .   N - +1 helmet {Int+3}
rElec    +         Reflect  .   L - +2 cloak
rCorr    .         Harm     .   (no gloves)
MR       ++...     Clarity  +   (no boots) Stlth ..........Rnd*Tele +
                                I - amulet of Neoff {Acrobat rElec Int+4}
HPRegen  0.00/turn              D - +2 ring of strength
MPRegen  0.15/turn              c - ring of protection from cold

@: acrobat, non-regenerating
A: damage resistance, heal wounds, blurry vision 1, clarity, negative energy
resistance 1, sense surroundings 2, teleportitis 1, MP-powered wands, no
regeneration
a: Heal Wounds, Minor Destruction, Lesser Servant of Makhleb, Major Destruction,
Greater Servant of Makhleb, Renounce Religion


You were on level 3 of the Spider Nest.
You worshipped Makhleb.
Makhleb was exalted by your worship.
You were hungry.

You visited 4 branches of the dungeon, and saw 19 of its levels.

You collected 932 gold pieces.
You spent 110 gold pieces at shops.

Inventory:

Hand Weapons
 a - a +1 war axe of chaos
 p - the +7 hand axe "Grim Tooth" {flame, Str+4}
   (You found it on level 5 of the Dungeon)

   It has been specially enchanted to burn those struck by it, causing extra
   injury to most foes and up to half again as much damage against particularly
   susceptible opponents.
   Big, fiery blades are also staple armaments of hydra-hunters.
   It affects your strength (+4).
 C - the +9 war axe "Pikaoth" (weapon) {flame, rN+}
   (You found it on level 2 of the Lair of Beasts)

   It has been specially enchanted to burn those struck by it, causing extra
   injury to most foes and up to half again as much damage against particularly
   susceptible opponents.
   Big, fiery blades are also staple armaments of hydra-hunters.
   It protects you from negative energy.
Missiles
 s - 3 throwing nets (quivered)
Armour
 A - a +2 chain mail of cold resistance (worn)
   (You took it off Harold on level 2 of the Lair of Beasts)
 F - a +1 kite shield (worn)
 L - a +2 cloak (worn)
   (You found it on level 6 of the Lair of Beasts)
 N - a +1 helmet of intelligence (worn)
   (You found it on level 6 of the Lair of Beasts)
Jewellery
 c - a ring of protection from cold (right hand)
   (You found it on level 2 of the Lair of Beasts)
 g - a cursed amulet of inaccuracy {unknown}
   (You found it on level 6 of the Lair of Beasts)
 D - a +2 ring of strength (left hand)
   (You found it on level 2 of the Lair of Beasts)
 I - the amulet of Neoff (around neck) {Acrobat rElec Int+4}
   (You found it on level 3 of the Lair of Beasts)

   [amulet of the acrobat]

   It helps you evade while moving and waiting.
   It affects your intelligence (+4).
   It insulates you from electricity.
Wands
 n - a wand of enslavement (13)
   (You found it on level 4 of the Dungeon)
 u - a wand of iceblast (29)
   (You found it on level 7 of the Dungeon)
 x - a wand of acid (5)
   (You found it on level 7 of the Dungeon)
 B - a wand of scattershot (4)
   (You found it on level 7 of the Dungeon)
Scrolls
 f - 2 scrolls of fog
 h - 8 scrolls of remove curse
 i - a scroll of magic mapping
 j - 2 scrolls of enchant weapon
 o - 2 scrolls of immolation
 r - 8 scrolls of identify
 t - 11 scrolls of teleportation
 y - 2 scrolls of fear
 z - a scroll of blinking
 G - 2 scrolls of silence
Potions
 d - 3 potions of might
 k - 2 potions of berserk rage
 l - 4 potions of magic
 m - a potion of lignification
 w - 2 potions of heal wounds
 E - 2 potions of brilliance
 J - a potion of haste {unknown}
 K - a potion of ambrosia
 M - 2 potions of stabbing {unknown}
Comestibles
 e - 18 rations


   Skills:
 + Level 10.0 Fighting
 * Level 15.4 Axes
 + Level 11.7 Armour
 + Level 11.6 Shields
 + Level 12.1 Invocations


You had 13 spell levels left.
You didn't know any spells.
Your spell library was empty.

Dungeon Overview and Level Annotations

Branches:
Dungeon (9/15)             Temple (1/1) D:5            Lair (6/6) D:9
 Shoals (0/4) Lair:2       Spider (3/4) Lair:4        Slime (0/5) Lair:5
    Orc (0/2) D:9

Altars:
Ashenzari
Dithmenos
Elyvilon
Fedhas
Gozag
Hepliaklqana
Makhleb
Nemelex Xobeh
Ru
Sif Muna
Trog
Uskayaw
The Shining One

Shops:
D:5 =   D:6 [}*%:

Annotations:
D:8 exclusion: door
Lair:6 1 runed translucent door
Spider:3 Jorgrun


Innate Abilities, Weirdness & Mutations

You are resistant to damage.
You can heal yourself by infusing magical energy.
You resist negative energy. (rN+)
You passively map the area around you.
You do not regenerate.
Scrolls take you a little longer to read.
You possess an exceptional clarity of mind.
You are occasionally teleported next to monsters.
You expend magic power (3 MP) to strengthen your wands.


Message History

There is a stone staircase leading down here.
You see here a torpor snail corpse.
You climb downwards.
Found 33 gold pieces, a leather armour and a club.
Found a stone staircase leading up.
There is a stone staircase leading up here.
Unknown command.
Jorgrun Earthshaker comes into view.
He is wielding a +0 vorpal quarterstaff and wearing a +0 robe of magic resistance.
Jorgrun shouts!
You hear an angry hiss.
A redback comes into view.
A jumping spider comes into view.
Found a stone staircase leading up.
There are monsters nearby!
A jumping spider and a redback come into view.
The jumping spider hisses angrily.
You hear an angry hiss.
Found two stone staircases leading down.
A jumping spider comes into view.
The jumping spider leaps! x2
Jorgrun casts a spell at you. The iron shot hits you!!!
You die...

^..[. * , ...≈###
≈ ≈ ..≈#...## , *
≈ ≈ ≈≈#.^..<# , ≈
≈#≈.##..## * ^* ≈
≈ ..≈^.#...## * .
≈ ≈ ,
≈°≈≈^...$.##...,
, ,, , ≈
.○≈ss...#.)^.>.
,,
≈,≈#s..<.@......#
,,
≈≈#..#.g..#....^
,
..≈#.^.......^##
* ≈ ≈
...≈...#....### *
, ..<....,...## ,
^*^.....> s### *
#^...#.,## ,,**
#(....# ^ * ,*


You could see Jorgrun, 2 jumping spiders and 2 redbacks.

Vanquished Creatures
  An entropy weaver (Spider:2)
  A fire dragon (Lair:6)
  Harold (Lair:2)
  3 hydras
  A catoblepas (Lair:6)
  A two-headed ogre (D:9)
  The ghost of Flugslaktarn the Cleaver, a novice MiFi of Gozag (D:6)
  A swamp dragon (Lair:6)
  3 lindwurms
  6 wolf spiders
  5 orb spiders
  A manticore (Lair:2)
  3 black mambas
  7 torpor snails
  6 rime drakes
  9 spiny frogs
  Maggie (D:7)
  3 demonic crawlers
  11 jumping spiders
  A queen bee (D:8)
  5 komodo dragons
  2 trolls (D:9)
  A polar bear (Lair:2)
  3 tyrant leeches (Lair:6)
  6 hornets (Lair:6)
  Grinder (D:5)
  9 blink frogs
  4 dream sheep (Lair:6)
  6 hippogriffs
  26 redbacks
  Sigmund (D:6)
  5 tarantellas
  Eustachio (D:6)
  2 wyverns
  10 yaks
  A fire elemental (Lair:5)
  A steam dragon (Lair:6)
  Menkaure (D:4)
  4 basilisks
  2 acid dragons (Lair:6)
  8 water moccasins
  3 sky beasts
  6 porcupines
  2 orc warriors
  A swamp drake (Lair:6)
  A black bear (Lair:3)
  An ice beast (D:9)
  4 phantoms
  7 ogres
  3 wolves (Lair:3)
  3 centaurs
  12 crocodiles
  11 bullfrogs
  4 big kobolds (D:9)
  Blork the orc (D:6)
  A gnoll sergeant (D:9)
  4 scorpions
  21 killer bees
  2 water moccasin skeletons (D:9)
  4 wights (D:7)
  3 electric eels (D:9)
  2 howler monkeys
  A lava snake (Lair:5)
  A centaur zombie (D:6)
  5 crimson imps
  A bullfrog zombie (D:5)
  2 orc priests
  13 hounds
  A jelly (D:8)
  4 iguanas
  7 worker ants
  7 orc wizards
  2 hound skeletons
  10 adders
  14 gnolls
  A howler monkey skeleton (D:7)
  A shadow imp (D:5)
  An ooze (D:2)
  2 adder zombies (D:5)
  A dart slug (D:4)
  4 leopard geckos
  34 orcs
  3 giant cockroaches
  2 goblins
  3 hobgoblins (D:2)
  13 jackals
  3 quokkas
  A bat (D:1)
  3 frilled lizards
  6 kobolds
  A leopard gecko skeleton (D:5)
  3 fungi
  7 plants
418 creatures vanquished.

Vanquished Creatures (others)
  A wolf spider (Spider:1)
  2 jumping spiders (Spider:1)
  A tarantella (Spider:2)
  A basilisk (Lair:6)
  2 centaurs
  2 fungi
  A plant (Lair:6)
10 creatures vanquished.

Grand Total: 428 creatures vanquished

Notes
Turn   | Place    | Note
-------+----------+-------------------------------------------
     0 | D:1      | Flugslaktarn the Deep Dwarf Fighter began the quest for the
                  | Orb.
     0 | D:1      | Reached XP level 1. HP: 20/20 MP: 1/1
   181 | D:2      | Reached XP level 2. HP: 25/27 MP: 2/2
   219 | D:2      | Reached skill level 3 in Axes
   219 | D:2      | Reached XP level 3. HP: 31/34 MP: 3/3
   410 | D:3      | Reached XP level 4. HP: 32/42 MP: 4/4
   535 | D:3      | Reached skill level 4 in Axes
   535 | D:3      | Reached XP level 5. HP: 36/49 MP: 5/5
   607 | D:4      | Found a glowing golden altar of the Shining One.
   608 | D:4      | Noticed a phantom
   640 | D:4      | Killed a phantom
   677 | D:4      | Noticed an ogre
   683 | D:4      | Killed an ogre
   683 | D:4      | Reached XP level 6. HP: 35/57 MP: 6/6
   891 | D:4      | Reached skill level 5 in Axes
   947 | D:4      | Noticed Menkaure
   954 | D:4      | Killed Menkaure
  1195 | D:4      | Reached XP level 7. HP: 47/64 MP: 6/6
  1310 | D:5      | Entered Level 5 of the Dungeon
  1314 | D:5      | Noticed Grinder
  1318 | D:5      | Reached skill level 5 in Armour
  1318 | D:5      | Reached skill level 5 in Shields
  1324 | D:5      | Paralysed by Grinder for 4 turns
  1354 | D:5      | Killed Grinder
  1354 | D:5      | Reached skill level 6 in Axes
  1374 | D:5      | Found a shattered altar of Ashenzari.
  1430 | D:5      | Found Anuz's Jewellery Boutique.
  1447 | D:5      | Reached XP level 8. HP: 45/73 MP: 7/7
  1460 | D:5      | Got a blackened hand axe
  1461 | D:5      | Identified the +7 hand axe "Grim Tooth" {flame, Str+4} (You
                  | found it on level 5 of the Dungeon)
  1580 | D:5      | Found a staircase to the Ecumenical Temple.
  1691 | Temple   | Entered the Ecumenical Temple
  1719 | Temple   | Became a worshipper of Makhleb the Destroyer
  1801 | D:5      | Reached skill level 7 in Axes
  1813 | D:5      | Reached skill level 1 in Invocations
  2008 | D:6      | Noticed Blork the orc
  2009 | D:6      | Noticed Sigmund
  2013 | D:6      | Killed Blork the orc
  2017 | D:6      | Killed Sigmund
  2017 | D:6      | Reached skill level 5 in Fighting
  2035 | D:6      | Found Enoocuag's Food Shoppe.
  2045 | D:6      | Found Qeifysm's Assorted Antiques.
  2048 | D:6      | Bought a scroll labeled AJO MOXZOAN for 22 gold pieces
  2048 | D:6      | Bought a scroll labeled ETZYDA AXECE for 22 gold pieces
  2048 | D:6      | Bought a scroll labeled MUCYKHL YCUWN for 22 gold pieces
  2048 | D:6      | Bought a scroll labeled VUEVVO NIETOR DIBB for 22 gold
                  | pieces
  2048 | D:6      | Bought a scroll labeled OSSANK LIRESCHE for 22 gold pieces
  2140 | D:6      | Found Dedaphun's Gadget Shoppe.
  2144 | D:6      | Found a runed translucent door.
  2146 | D:6      | Noticed Flugslaktarn's ghost (novice MiFi)
  2227 | D:6      | Found Onekkuoch's Book Boutique.
  2450 | D:6      | Reached skill level 8 in Axes
  2497 | D:6      | Noticed Eustachio
  2509 | D:6      | Found Giarr's Antique Armour Shoppe.
  2531 | D:6      | Killed Eustachio
  2531 | D:6      | Gained mutation: You passively map the area around you.
                  | [Deep Dwarf growth]
  2531 | D:6      | Reached XP level 9. HP: 59/81 MP: 10/10
  2532 | D:6      | Found a shimmering blue altar of Sif Muna.
  2827 | D:6      | Killed Flugslaktarn's ghost
  2858 | D:7      | Noticed Maggie
  2866 | D:7      | Reached * piety under Makhleb
  2873 | D:7      | Killed Maggie
  2873 | D:7      | Reached skill level 9 in Axes
  3103 | D:7      | Reached skill level 5 in Invocations
  3483 | D:8      | Noticed a queen bee
  3486 | D:8      | Reached XP level 10. HP: 85/91 MP: 11/11
  3486 | D:8      | Reached ** piety under Makhleb
  3510 | D:8      | Reached skill level 10 in Axes
  3600 | D:8      | Found a shadowy altar of Dithmenos.
  3714 | D:8      | Found a blossoming altar of Fedhas.
  4166 | D:9      | Reached *** piety under Makhleb
  4218 | D:9      | Noticed a two-headed ogre
  4236 | D:9      | Killed a two-headed ogre
  4236 | D:9      | Reached skill level 11 in Axes
  4240 | D:9      | Found a staircase to the Lair.
  4299 | D:9      | Reached **** piety under Makhleb
  4324 | D:9      | Reached XP level 11. HP: 59/100 MP: 10/10
  4391 | D:9      | Found a staircase to the Orcish Mines.
  4641 | D:9      | Found a shattered altar of Ashenzari.
  4729 | Lair:1   | Entered Level 1 of the Lair of Beasts
  5094 | Lair:1   | Noticed a seven-headed hydra
  5105 | Lair:1   | Killed a two-headed hydra
  5508 | Lair:2   | Found a staircase to the Shoals.
  5572 | Lair:2   | Reached skill level 12 in Axes
  5771 | Lair:2   | Noticed Harold
  5788 | Lair:2   | Killed Harold
  6118 | Lair:2   | Got a slimy war axe
  6119 | Lair:2   | Identified the +9 war axe "Pikaoth" {flame, rN+} (You found
                  | it on level 2 of the Lair of Beasts)
  6306 | Lair:3   | Got a scintillating iron amulet
  6478 | Lair:3   | Reached XP level 12. HP: 97/110 MP: 11/11
  6595 | Lair:3   | Reached ***** piety under Makhleb
  6627 | Lair:3   | Noticed an eight-headed hydra
  6635 | Lair:3   | Killed a three-headed hydra
  6635 | Lair:3   | Reached skill level 13 in Axes
  6955 | Lair:4   | Reached skill level 10 in Armour
  6963 | Lair:4   | Found a hole to the Spider Nest.
  7320 | Lair:4   | Noticed a four-headed hydra
  7332 | Lair:4   | Killed a one-headed hydra
  7644 | Lair:5   | Reached skill level 10 in Shields
  7851 | Lair:5   | Reached skill level 10 in Invocations
  8230 | Lair:5   | Found a staircase to the Slime Pits.
  8324 | Lair:6   | Entered Level 6 of the Lair of Beasts
  8428 | Lair:6   | Identified the amulet of Neoff {Acrobat rElec Int+4} (You
                  | found it on level 3 of the Lair of Beasts)
  8518 | Lair:6   | Noticed a catoblepas
  8532 | Lair:6   | Reached skill level 14 in Axes
  8533 | Lair:6   | Killed a catoblepas
  8533 | Lair:6   | Reached XP level 13. HP: 121/121 MP: 12/14
  8669 | Lair:6   | Noticed a fire dragon
  8687 | Lair:6   | Killed a fire dragon
  9216 | Lair:6   | Found a runed translucent door.
  9302 | Lair:6   | Paralysed by a hornet for 1 turns
  9308 | Lair:6   | Paralysed by a hornet for 2 turns
  9506 | Spider:1 | Entered Level 1 of the Spider Nest
  9578 | Spider:1 | Reached skill level 15 in Axes
  9586 | Spider:1 | Reached ****** piety under Makhleb
  9590 | Spider:1 | Gained mutation: You have sharp fingernails. [potion of
                  | mutation]
  9590 | Spider:1 | Gained mutation: You are robust. (+10% HP) [potion of
                  | mutation]
  9591 | Spider:1 | Lost mutation: You have sharp fingernails. [potion of
                  | mutation]
  9591 | Spider:1 | Lost mutation: You are robust. (+10% HP) [potion of
                  | mutation]
  9591 | Spider:1 | Gained mutation: You possess an exceptional clarity of
                  | mind. [potion of mutation]
  9591 | Spider:1 | Gained mutation: Scrolls take you a little longer to read.
                  | [potion of mutation]
  9591 | Spider:1 | Gained mutation: You are occasionally teleported next to
                  | monsters. [potion of mutation]
  9591 | Spider:1 | Gained mutation: You expend magic power (3 MP) to
                  | strengthen your wands. [potion of mutation]
  9710 | Spider:2 | Gained mutation: You resist negative energy. (rN+) [Deep
                  | Dwarf growth]
  9710 | Spider:2 | Reached XP level 14. HP: 89/130 MP: 14/16
  9761 | Spider:2 | Reached skill level 10 in Fighting
  9772 | Spider:2 | Noticed an entropy weaver
  9792 | Spider:2 | Killed an entropy weaver
  9908 | Spider:3 | Noticed Jorgrun
  9911 | Spider:3 | Killed from afar by Jorgrun

Levels and vault maps discovered:
D:1:      dpeg_arrival_signposts, layout_basic
D:2:      layout_basic, cheibriados_altar_1, palyth_stone_intersect
D:3:      layout_basic, first_ration, hangedman_abyss_or_decor_lesser_grid,
          minmay_parallelograms, nicolae_qazlal_general_emergency
D:4:      layout_gridville, nicolae_overflow_crystal_walls,
          wad_floor_pattern_untrapped, chequers_serial_rivers_micro_a,
          uniq_menkaure
D:5:      kennysheep_spiral_hall, layout_basic,
          minmay_temple_entry_enclosed_plants, serial_shops, shop,
          ashenzari_altar_1, uniq_grinder
D:6:      layout_cave_pods, lemuel_crystal_altar, serial_shops,
          nicolae_shop_behind_doors, shop, shop, shop, shop,
          ebering_ghost_sewer_d, uniq_eustachio, uniq_sigmund,
          uniq_blork_the_orc
D:7:      layout_loops_cross, serial_glass, glass_columns_a, glass_columns_c,
          hangedman_decor_push, uniq_maggie
D:8:      due_megacathedral, layout_cave_pools,
          grunt_dithmenos_smoke_and_mirrors, fedhas_bush_and_centaur_altar,
          david_nohive_1
D:9:      layout_cave_pools, overflow_temple_1_default, erik_lair_island,
          kennysheep_orc_monster_closet_entryway
Temple:   eino_temple_rhombus
Lair:1:   layout_regular_city
Lair:2:   layout_regular_city, minmay_shoals_entry_beasts, grunt_megastairs_4,
          uniq_harold
Lair:3:   layout_gridlike, grunt_megastairs_1
Lair:4:   layout_regular_city, spider_nest_entry_webs,
          infiniplex_staircase_pool_2
Lair:5:   layout_gridlike, dpeg_slime_entry_corner, minmay_holes,
          grunt_forest_small_clearings
Lair:6:   guppyfry_lair_end_dragon, layout_cave_shapes, wormcave
Spider:1: layout_spider_delve
Spider:2: cheibrodos_spider_silkery
Spider:3: layout_spider_delve, guppyfry_spider_mini_3, uniq_louise,
          uniq_jorgrun, uniq_arachne, uniq_aizul

Skill      XL: |  1  2  3  4  5  6  7  8  9 10 11 12 13 14 |
---------------+-------------------------------------------+-----
Fighting       | 3 4 5 6 7 8 9 10 | 10.0
Axes           | 3 4 5 6 8 9 11 12 14 15 | 15.4
Shields        | 4 5 6 7 8 9 10 11 | 11.6
Armour         | 4 5 6 7 8 9 10 11 | 11.7
Invocations    | 3 5 7 9 10 12 | 12.1

Action                   |  1- 3 |  4- 6 |  7- 9 | 10-12 | 13-15 || total
-------------------------+-------+-------+-------+-------+-------++-------
Melee: War axe           |    74 |   113 |    67 |   230 |   311 ||   795
       Hand axe          |       |       |   210 |   427 |       ||   637
 Abil: Heal Wounds       |       |     4 |     8 |    11 |     4 ||    27
Evoke: Wand              |       |       |       |       |     5 ||     5
  Use: Scroll            |       |       |    13 |    10 |     4 ||    27
       Potion            |       |       |       |       |     9 ||     9
 Stab: Petrified         |       |       |       |     1 |       ||     1
  Eat: Chunk             |       |     1 |     8 |    13 |     5 ||    27
       Ration            |       |       |       |     1 |       ||     1
Armor: Scale mail        |     8 |       |       |       |       ||     8
       Plate armour      |    49 |    43 |   115 |   128 |       ||   335
       Chain mail        |       |       |       |    66 |   194 ||   260
       Skin              |       |       |       |       |     7 ||     7
Dodge: Dodged            |    15 |    10 |    43 |   115 |   123 ||   306
Block: Kite shield       |    68 |    81 |   204 |   451 |   255 ||  1059
       Reflection        |       |     2 |     9 |     7 |       ||    18

Table legend:
 A = Non-vault XP
 B = Vault XP
 C = Vault XP percentage of total XP
 D = Non-vault monster count
 E = Vault monster count
 F = Vault count percentage of total count
                 A         B        C        D         E       F
            +---------+---------+-------+---------+---------+-------
      Total |   47407 |   21560 |  31.3 |     312 |     102 |  24.6
            +---------+---------+-------+---------+---------+-------
        D:1 |      10 |       0 |   0.0 |       7 |       0 |   0.0
        D:2 |      44 |       0 |   0.0 |       8 |       0 |   0.0
        D:3 |     154 |       0 |   0.0 |      18 |       0 |   0.0
        D:4 |     378 |     183 |  32.6 |      14 |       1 |   6.7
        D:5 |     575 |     463 |  44.6 |      19 |       5 |  20.8
        D:6 |     583 |    1287 |  68.8 |      14 |       6 |  30.0
        D:7 |    1056 |     376 |  26.3 |      21 |       1 |   4.5
        D:8 |    1454 |    1298 |  47.2 |      27 |      16 |  37.2
        D:9 |    2623 |    1666 |  38.8 |      39 |      28 |  41.8
     Lair:1 |    1894 |       0 |   0.0 |       6 |       0 |   0.0
     Lair:2 |    2808 |    2439 |  46.5 |      16 |       5 |  23.8
     Lair:3 |    6244 |      85 |   1.3 |      26 |       1 |   3.7
     Lair:4 |    1915 |     450 |  19.0 |       6 |       2 |  25.0
     Lair:5 |    3565 |       0 |   0.0 |      13 |       0 |   0.0
     Lair:6 |    8255 |    9556 |  53.7 |      26 |      29 |  52.7
   Spider:1 |    9973 |       0 |   0.0 |      32 |       0 |   0.0
   Spider:2 |    5876 |    3757 |  39.0 |      20 |       8 |  28.6
            +---------+---------+-------+---------+---------+-------
